 Dungeon Crawl Stone Soup version 0.30-a0-840-ga523dec638 (webtiles) character file.

Game seed: 15360056961686655080

70 cforsyth the Sneak (level 4, 0/28 HPs)
             Began as a Kobold Brigand on Mar 2, 2023.
             Slain by a gnoll
             ... wielding a +0 spear
              (5 damage)
             ... on level 3 of the Dungeon.
             The game lasted 00:01:50 (1439 turns).

cforsyth the Sneak (Kobold Brigand)                 Turns: 1439, Time: 00:01:51

Health: 0/28       AC:  3    Str:  8    XL:     4   Next: 45%
Magic:  4/4        EV: 15    Int: 12    God:
Gold:   123        SH:  0    Dex: 18    Spells: 3/3 levels left

rFire   . . .      SeeInvis .    a - +2 dagger
rCold   . . .      Faith    .    (no shield)
rNeg    . . .      Spirit   .    b - +0 robe
rPois   +          Reflect  .    (no helmet)
rElec   .          Harm     .    c - +0 cloak
rCorr   .          Rampage  .    (no gloves)
Will    .....                    (no boots)
Stlth   ++++                     (no amulet)
HPRegen 0.24/turn                o - ring of poison resistance
MPRegen 0.09/turn                (no ring)

@: no status effects
A: small, no large weapons, nightstalker 3
a: no special abilities


You were on level 3 of the Dungeon.
You visited 1 branch of the dungeon, and saw 4 of its levels.

You collected 123 gold pieces.

Inventory:

Hand Weapons
 a - a +2 dagger (weapon)
Missiles
 d - 9 poisoned darts (quivered)
 e - 3 curare-tipped darts
Armour
 b - a +0 robe (worn)
 c - a +0 cloak (worn)
Jewellery
 k - an amulet of magic regeneration
 o - a ring of poison resistance (left hand)
Wands
 l - a wand of digging (4)
Scrolls
 f - a scroll of magic mapping {unknown}
 g - a scroll of poison {unknown}
 j - a scroll of fog {unknown}
 m - a scroll of enchant armour {unknown}
 p - a scroll of teleportation {unknown}
Potions
 h - a potion of might {unknown}
 i - a potion of curing {unknown}
 n - a potion of lignification {unknown}


   Skills:
 + Level 3.1 Fighting
 + Level 3.7 Short Blades
 - Level 2.1 Throwing
 + Level 2.5 Dodging
 + Level 6.0 Stealth


You had 3 spell levels left.
You didn't know any spells.
Your spell library contained the following spells:

 Spells                   Type           Power      Damage    Failure   Level
 Ensorcelled Hibernation  Hex/Ice        0%         N/A       45%         2
 Passwall                 Tmut/Erth      0%         N/A       45%         2
 Swiftness                Air            0%         N/A       69%         3


Dungeon Overview and Level Annotations

Branches:
Dungeon (4/15)
 Temple: D:4-7

Altars:
Uskayaw


Innate Abilities, Weirdness & Mutations

You are small and have problems with some larger weapons.
You are completely attuned to the shadows.


Message History

The helpless adder fails to defend itself.
You spit the adder like a pig!!!
You kill the adder!
Your Stealth skill increases to level 6!
No target in view!
No target in view!
No target in view!
No target in view!
A bat comes into view.
The bat moves out of view.
No target in view!
No target in view!
There is a stone staircase leading down here.
You now have 123 gold pieces (gained 13).
Found a ring mail.
You see here a +0 ring mail.
p - a scroll labelled SOBBOXZ YDIOV You open the door.
The gnoll shouts!
You hear a shout! x2
There is an open door here.
You hit the gnoll.
The gnoll is moderately wounded.
The gnoll hits you with a +0 spear. The gnoll barely misses you.
The gnoll shouts!
You hit the gnoll.
The gnoll is moderately wounded.
You closely miss the gnoll.
The gnoll is moderately wounded.
The gnoll hits you with a +0 spear. The gnoll misses you.
You hit the gnoll.
The gnoll is heavily wounded.
The gnoll hits you with a +0 spear!
The gnoll hits you from afar with a +0 halberd!
* * * LOW HITPOINT WARNING * * *
The gnoll barely misses you.
There is an open door here.
The gnoll barely misses you.
There is a stone staircase leading down here.
The gnoll hits you from afar with a +0 spear.
You die...

### #####
.†####...#########
.....'...'.......#
...###...#######.# ...#
#...# #.# ##########
'#.# #...# #.#
#........# .#.# #...#
#.# #.######.#
.#.###...#######.# #.#
#.# ................@#
#.# #.#
.#...)..#.######.# #.#
#.# .#......'..g.g.g.#
#.# #.#
........#.######.####.#
#.#
###..####.##..........#
#.#### ##..#
#.##.###.###### #.....
####.# #.##'###.#
###### .....#
#.#...##.#
.....###.#...##.#


You could see a gnoll.

Vanquished Creatures
  An iguana (D:4)
  An adder (D:3)
  2 dart slugs
  2 bats (D:1)
  A giant cockroach (D:4)
  2 goblins (D:1)
  A hobgoblin (D:1)
  4 jackals
  2 quokkas (D:1)
  6 ball pythons
  A frilled lizard (D:1)
  5 kobolds
  3 rats (D:1)
31 creatures vanquished.

Notes
Turn   | Place    | Note
-------+----------+-------------------------------------------
     0 | D:1      | cforsyth the Kobold Brigand began the quest for the Orb.
     0 | D:1      | Reached XP level 1. HP: 12/12 MP: 1/1
     3 | D:1      | Found a faded altar of an unknown god.
   199 | D:1      | Reached XP level 2. HP: 18/18 MP: 2/2
   550 | D:1      | Reached XP level 3. HP: 22/22 MP: 3/3
  1106 | D:4      | Reached XP level 4. HP: 28/28 MP: 4/4
  1200 | D:3      | Found a hide-covered altar of Uskayaw.
  1303 | D:3      | Reached skill level 6 in Stealth
  1439 | D:3      | Slain by a gnoll

Illustrated notes

Levels and vault maps discovered:
D:1:      dpeg_arrival_long_road, layout_loops_ring,
          shapermc_ecumenical_altar_mp_highgroup
D:2:      cheibrodos_fertilizer, layout_basic, uniq_robin
D:3:      layout_basic, amcnicky_altar_gilded, minivault_19
D:4:      layout_cave_pools, kennysheep_mini, gammafunk_ghost_grave

Skill      XL: |  1  2  3  4 |
---------------+-------------+-----
Short Blades   | 3 |  3.7
Dodging        | 2 |  2.5
Fighting       | 3 |  3.1
Stealth        | 6 |  6.0
Throwing       | |  2.1

Action                     |  1- 3 |  4- 6 || total
---------------------------+-------+-------++-------
  Melee: Dagger            |    59 |    18 ||    77
   Stab: Sleeping          |    14 |     2 ||    16
 Armour: Robe              |    14 |     3 ||    17
  Dodge: Dodged            |    49 |    11 ||    60

Table legend: (Time is in decaauts)
 A = Elapsed time spent in this place.
 B = Non-inter-level travel time spent in this place.
 C = Inter-level travel time spent in this place.
 D = Time resting spent in this place.
 E = Time spent auto-exploring this place.
 F = Levels seen in this place.
 G = Mean time per level.
                   A        B        C        D        E       F      G
               +--------+--------+--------+--------+--------+-----+--------+
         Total |   1425 |   1380 |     45 |      0 |   1099 |   4 |  356.2 |
       Dungeon |   1425 |   1380 |     45 |      0 |   1099 |   4 |  356.2 |
               +--------+--------+--------+--------+--------+-----+--------+

Top non-repeatable levels by time:
     D:1: 867 daAuts
     D:3: 247 daAuts
     D:4: 182 daAuts
     D:2: 128 daAuts
